 Dungeon Crawl Stone Soup version 0.27-a0-54-g64bdb92e38 (webtiles) character file.

Game seed: 8133997747315501523

139424 Borgoz the Bludgeoner (level 17, -6/110 HPs)
             Began as a Gargoyle Berserker on Jan 7, 2021.
             Was the Champion of Trog.
             Mangled by an alligator (7 damage)
             ... called by a spriggan druid
             ... on level 1 of the Swamp.
             The game lasted 00:54:17 (31602 turns).

Borgoz the Bludgeoner (Gargoyle Berserker)         Turns: 31602, Time: 00:54:17

Health: -6/110     AC: 44    Str: 28    XL:     17   Next: 28%
Magic:  0/17       EV: 20    Int: 10    God:    Trog [******]
Gold:   2410       SH:  0    Dex: 19    Spells: 16/16 levels left

rFire    + . .     SeeInvis .   a - +10 morningstar "Eos" {elec, Halo rElec}
rCold    . . .     Faith    .   (no shield)
rNeg     + . .     Spirit   +   K - +8 chain mail "Doceutao" {-Cast rF+ Will+}
rPois    ∞         Reflect  .   w - +2 hat
rElec    +         Harm     .   u - +2 cloak {rCorr}
rCorr    +         Rampage  .   p - +0 pair of gloves
Will     ++...     NoCast   +   y - +2 pair of boots
Stlth    ..........             I - amulet of guardian spirit
HPRegen  0.28/turn              k - +6 ring of dexterity
MPRegen  0.15/turn              z - +6 ring of strength

@: flying, glowing
A: big wings, negative energy resistance 1, electricity resistance, unbreathing,
petrification resistance, miasma immunity, AC +12
a: Stop Flying, Renounce Religion, Berserk, Trog's Hand, Brothers in Arms


You were on level 1 of the Swamp.
You worshipped Trog.
Trog was exalted by your worship.
You visited 5 branches of the dungeon, and saw 25 of its levels.
You also visited: Sewer and Ice Cave.

You collected 3630 gold pieces.
You spent 1220 gold pieces at shops.

Inventory:

Hand Weapons
 a - the +10 morningstar "Eos" (weapon) {elec, Halo rElec}
   (You found it on level 11 of the Dungeon)

   Occasionally, upon striking a foe, it can discharge electrical energy and
   cause terrible harm.
   It insulates you from electricity.
Armour
 p - a +0 pair of gloves (worn)
 u - a +2 cloak of preservation (worn)
 w - a +2 hat (worn)
 y - a +2 pair of boots (worn)
 K - the +8 chain mail "Doceutao" (worn) {-Cast rF+ Will+}
   (You found it on level 14 of the Dungeon)

   It protects you from fire.
   It affects your willpower, your defense against some magical effects.
   It prevents spellcasting.
Jewellery
 b - an uncursed ring of protection from cold
 k - a +6 ring of dexterity (left hand)
 m - an uncursed amulet of reflection
 z - a +6 ring of strength (right hand)
 F - an uncursed ring of see invisible
 I - an amulet of guardian spirit (around neck)
 M - an uncursed ring of protection from fire
Wands
 o - a wand of digging (5)
 v - a wand of acid (32)
 B - a wand of polymorph (44)
 E - a wand of iceblast (2)
 H - a wand of enslavement (13)
 J - a wand of paralysis (8)
Scrolls
 d - a scroll of magic mapping
 e - 14 scrolls of teleportation
 f - 8 scrolls of remove curse
 s - 2 scrolls of summoning
 t - 4 scrolls of fear
 x - 3 scrolls of blinking
 D - a scroll of fog
Potions
 c - 5 potions of might
 g - 3 potions of haste
 h - 5 potions of heal wounds
 i - 9 potions of curing
 j - a potion of cancellation
 n - 2 potions of resistance
 q - 2 potions of mutation
 C - 6 potions of ambrosia
 G - 3 potions of berserk rage


   Skills:
 + Level 13.7 Fighting
 * Level 17.0 Maces & Flails
 + Level 13.5 Armour
 * Level 14.5 Dodging
 - Level 5.0 Evocations


You had 16 spell levels left.
You didn't know any spells.
Your spell library was empty.

Dungeon Overview and Level Annotations

Branches:
Dungeon (15/15)            Temple (1/1) D:6            Lair (6/6) D:9
  Swamp (1/4) Lair:2       Spider (0/4) Lair:3        Slime (0/5) Lair:5
    Orc (2/2) D:10            Elf (0/3) Orc:2        Vaults (0/5) D:14
 Depths (0/5) D:15          Sewer (visited)           IceCv (visited)

Altars:
Ashenzari
Cheibriados
Dithmenos
Elyvilon
Fedhas
Gozag
Hepliaklqana
Kikubaaqudgha
Makhleb
Nemelex Xobeh
Okawaru
Qazlal
Ru
Sif Muna
Trog
Uskayaw
Vehumet
Wu Jian
Xom
Yredelemnul
Zin
The Shining One
Beogh
Lugonu

Shops:
Orc:2 *(}=**


Innate Abilities, Weirdness & Mutations

You are resistant to torment.
Your stone body is resilient. (AC +12)
You are immune to poison.
Your large and strong wings let you fly indefinitely.
You resist negative energy. (rN+)
You are resistant to electric shocks. (rElec)
You can survive without breathing.
You are immune to petrification.
You are immune to miasma.


Message History

The alligator closely misses you.
The alligator completely misses you. x2; The alligator barely misses you.
The alligator tail-slaps you but does no damage.
An eight-headed hydra comes into view.
The eight-headed hydra roars!
The alligator completely misses you. x2; The alligator closely misses you.
The alligator tail-slaps you!
* * * LOW HITPOINT WARNING * * *
There is a staircase back to the Lair here.
You can't go down here!
The alligator misses you.
The alligator tail-slaps you but does no damage.
The spriggan hits you but does no damage.
The alligator bites you but does no damage.
The alligator tail-slaps you.
* * * LOW HITPOINT WARNING * * *
The alligator bites you!
* * * LOW HITPOINT WARNING * * *
The alligator tail-slaps you!
You die...

♣♣....≈≈≈.♣♣♣≈.
♣...).≈≈≈.≈..≈.
♣.≈§≈§.≈....≈.≈
♣≈.≈≈≈≈.≈....≈.
♣♣......§......
♣..≈≈†..>≈♣♣≈.
♣♣.≈≈≈§.♣♣♣
♣.tii≈.≈♣♣
♣.@t≈≈.≈≈♣
♣♣≈w......♣
...[≈≈...♣
♣....≈≈.....
♣♣≈≈.D..♣≈.≈
♣♣♣≈≈.♣...≈
≈≈..≈≈ .≈≈≈≈


You could see 2 alligators, an eight-headed hydra, a swamp worm (strong) and 2
spriggans.

Vanquished Creatures
  Saint Roka (Orc:2)
  Rupert (Orc:1)
  Jorgrun (D:12)
  Gastronok (Lair:2)
  Kirke (D:15)
  The ghost of Borgoz the Warrior, an adept HaGl of Dithmenos (Orc:2)
  The ghost of Illot the Black Belt, an adept MfTm of Makhleb (Lair:3)
  An orc warlord (Orc:2)
  Azrael (D:15)
  2 dire elephants
  5 ogre magi
  Josephine (D:10)
  3 vault guards (D:14)
  A fire dragon (Lair:6)
  12 hydras
  Fannar (D:12)
  2 ice dragons (IceCv)
  A catoblepas (Lair:2)
  Erica (Lair:2)
  16 two-headed ogres
  A centaur warrior (D:15)
  3 death yaks (Lair:6)
  An alligator (Swamp:1)
  Urug (Lair:2)
  An orc high priest (Orc:1)
  Sonja (Orc:2)
  5 skeletal warriors
  Nergalle (Lair:1)
  A goliath frog (Swamp:1)
  A sixfirhy (D:9)
  A spriggan druid (Swamp:1)
  An obsidian statue (Orc:2)
  2 unseen horrors
  2 swamp dragons
  A wizard (D:14)
  A lindwurm (Lair:6)
  4 orc knights
  2 wolf spider zombies (D:15)
  4 orc sorcerers
  4 oklob plants (Lair:5)
  2 wolf spiders
  3 cyclopes
  A manticore (D:14)
  8 ugly things
  A deep elf mage (D:15)
  Maurice (D:8)
  8 black mambas
  12 elephants
  Joseph (D:10)
  2 ice statues (IceCv)
  A torpor snail (Lair:2)
  Psyche (D:10)
  A gargoyle (D:11)
  14 cane toads
  11 rime drakes
  20 komodo dragons
  2 yaktaurs (D:14)
  A tengu conjurer (D:14)
  2 ice devils (D:14)
  3 meliai
  9 trolls
  A jumping spider (Lair:3)
  A queen bee (Lair:5)
  Grinder (Sewer)
  2 polar bears
  4 slime creatures
  13 dream sheep
  26 blink frogs
  Sigmund (D:2)
  6 redbacks (Lair:3)
  38 yaks
  6 wyverns
  A fire elemental (D:15)
  2 hogs (D:15)
  9 wraiths
  A fire bat (shapeshifter) (D:15)
  2 steam dragons
  12 basilisks
  2 vampire mosquitoes (D:15)
  Menkaure (D:5)
  8 wargs
  2 swamp worms (Swamp:1)
  3 acid dragons
  22 water moccasins
  2 hell hounds (D:15)
  A swamp drake (Lair:6)
  32 orc warriors
  A hornet zombie (D:14)
  2 sky beasts
  A necrophage (D:11)
  An eye of draining (D:15)
  3 phantoms
  2 black bears
  17 ice beasts
  34 ogres
  4 boggarts (D:14)
  20 wolves
  14 centaurs
  4 big kobolds
  11 bullfrogs
  A wyvern zombie (D:5)
  A wyvern skeleton (D:11)
  3 scorpions
  20 killer bees
  25 wights
  2 electric eels (Lair:5)
  4 howler monkeys
  5 centaur zombies
  2 bullfrog zombies
  2 quasits
  7 hounds
  4 jellies
  27 orc wizards
  3 bullfrog skeletons
  6 centaur skeletons
  15 orc priests
  4 hell rats (Lair:3)
  9 iguanas
  16 worker ants
  A killer bee zombie (D:8)
  2 big kobold zombies (Sewer)
  2 hound skeletons
  3 worker ant zombies
  7 gnolls
  13 adders
  2 shadow imps
  2 white imps
  3 ufetubi
  3 adder zombies
  An adder skeleton (D:4)
  5 worms
  2 dart slugs (D:1)
  7 leopard geckos
  100 orcs
  3 ball pythons
  7 bats
  A bat zombie (Sewer)
  12 giant cockroaches
  10 goblins
  14 hobgoblins
  12 jackals
  35 kobolds
  7 quokkas
  6 frilled lizards
  A kobold zombie (Sewer)
  A leopard gecko skeleton (D:6)
  A quokka zombie (D:5)
  16 rats
944 creatures vanquished.

Vanquished Creatures (others)
  A bloated husk (Swamp:1)
  A human (D:15)
  A hell hound (D:15)
  An orc warrior (D:15)
  A killer bee (D:12)
  An adder (D:12)
  22 fungi
  34 plants
62 creatures vanquished.

Grand Total: 1006 creatures vanquished

Notes
Turn   | Place    | Note
-------+----------+-------------------------------------------
     0 | D:1      | Borgoz the Gargoyle Berserker began the quest for the Orb.
     0 | D:1      | Reached XP level 1. HP: 14/14 MP: 1/1
   264 | D:1      | Reached XP level 2. HP: 19/19 MP: 2/2
   664 | D:1      | Reached XP level 3. HP: 21/23 MP: 3/3
   762 | D:1      | Reached ** piety under Trog
  1473 | D:2      | Found a transporter.
  1484 | D:2      | Found a transporter.
  1488 | D:2      | Noticed a scorpion
  1491 | D:2      | Found a broken altar of Ashenzari.
  1771 | D:2      | Reached XP level 4. HP: 13/29 MP: 4/4
  2008 | D:2      | Found a faded altar of an unknown god.
  2097 | D:2      | Noticed Sigmund
  2109 | D:2      | Killed Sigmund
  2110 | D:2      | Reached skill level 4 in Maces & Flails
  2110 | D:2      | Reached XP level 5. HP: 27/33 MP: 5/5
  2110 | D:2      | Reached XP level 6. HP: 31/38 MP: 6/6
  2652 | D:3      | Reached *** piety under Trog
  3027 | D:3      | Found a glowing silver altar of Zin.
  3034 | D:3      | Found a white marble altar of Elyvilon.
  3046 | D:3      | Found a glowing golden altar of the Shining One.
  3356 | D:3      | Reached skill level 5 in Maces & Flails
  3510 | D:3      | Found a snail-covered altar of Cheibriados.
  3516 | D:3      | Found an ancient bone altar of Kikubaaqudgha.
  3519 | D:3      | Found a blossoming altar of Fedhas.
  3728 | D:4      | Reached XP level 7. HP: 35/44 MP: 7/7
  4228 | D:4      | Found an iron altar of Okawaru.
  4935 | D:5      | Entered Level 5 of the Dungeon
  5076 | D:5      | Reached skill level 5 in Fighting
  5076 | D:5      | Reached XP level 8. HP: 29/49 MP: 8/8
  5295 | D:5      | Reached **** piety under Trog
  5321 | D:5      | Reached skill level 6 in Maces & Flails
  5344 | D:5      | Noticed Menkaure
  5351 | D:5      | Killed Menkaure
  5443 | D:5      | Found a basalt altar of Yredelemnul.
  5910 | D:6      | Found a staircase to the Ecumenical Temple.
  5924 | D:6      | Reached skill level 5 in Dodging
  6032 | Temple   | Entered the Ecumenical Temple
  6191 | D:6      | Reached skill level 5 in Armour
  6272 | D:6      | Found a glowing drain.
  6278 | Sewer    | Entered a sewer
  6433 | Sewer    | Found a burning altar of Makhleb.
  6446 | Sewer    | Reached ***** piety under Trog
  6469 | Sewer    | Reached skill level 7 in Maces & Flails
  6575 | Sewer    | Noticed Grinder
  6587 | Sewer    | Killed Grinder
  6588 | Sewer    | Reached XP level 9. HP: 51/55 MP: 9/9
  6807 | D:6      | Noticed a moth of wrath
  6809 | D:6      | Found a bloodstained altar of Trog.
  7420 | D:7      | Found Laitsir's Serpentskin Sales.
  7756 | D:7      | Reached skill level 8 in Maces & Flails
  8007 | D:7      | Found a stormy altar of Qazlal.
  8082 | D:7      | Found a shimmering altar of Xom.
  8082 | D:7      | Found a shimmering altar of Xom.
  8084 | D:7      | Found a shimmering altar of Xom.
  8085 | D:7      | Found a shimmering altar of Xom.
  8085 | D:7      | Found a shimmering altar of Xom.
  9122 | D:8      | Reached XP level 10. HP: 60/61 MP: 10/10
  9536 | D:8      | Received a gift from Trog
  9824 | D:8      | Reached skill level 9 in Maces & Flails
  9982 | D:8      | Noticed Maurice
  9990 | D:8      | Killed Maurice
 10171 | D:9      | Found a staircase to the Lair.
 10229 | D:9      | Noticed a four-headed hydra
 10245 | D:9      | Killed a four-headed hydra
 10369 | D:9      | Found a hazy altar of Hepliaklqana.
 10418 | D:9      | Noticed a sixfirhy
 10419 | D:9      | Found a runed translucent door.
 10550 | D:9      | Found a hide-covered altar of Uskayaw.
 10615 | D:9      | Noticed a red ugly thing
 10630 | D:9      | Killed a red ugly thing
 11258 | D:9      | Killed a sixfirhy
 11259 | D:9      | Reached skill level 10 in Maces & Flails
 11259 | D:9      | Reached XP level 11. HP: 63/68 MP: 11/11
 11294 | D:10     | Entered Level 10 of the Dungeon
 11610 | D:10     | Noticed Joseph
 11612 | D:10     | Noticed Psyche
 11623 | D:10     | Killed Psyche
 11631 | D:10     | Killed Joseph
 11906 | D:10     | Noticed Josephine
 11920 | D:10     | Killed Josephine
 12223 | D:10     | Reached skill level 11 in Maces & Flails
 12347 | D:10     | Found a roughly hewn altar of Beogh.
 12347 | D:10     | Found a staircase to the Orcish Mines.
 12416 | D:10     | Received a gift from Trog
 12458 | D:10     | Noticed an orc knight
 12472 | D:10     | Killed an orc knight
 13264 | D:10     | Found a blossoming altar of Fedhas.
 13808 | D:11     | Reached XP level 12. HP: 76/76 MP: 4/12
 14012 | D:11     | Found the +10 morningstar "Eos" {elec, Halo rElec}
 14381 | D:11     | Noticed a six-headed hydra
 14384 | D:11     | Killed a six-headed hydra
 14721 | Lair:1   | Entered Level 1 of the Lair of Beasts
 14738 | Lair:1   | Noticed Nergalle
 14743 | Lair:1   | Killed Nergalle
 15036 | Lair:1   | Reached skill level 10 in Dodging
 15147 | Lair:1   | Reached skill level 12 in Maces & Flails
 15157 | Lair:1   | Received a gift from Trog
 15417 | Lair:1   | Got a steaming flail
 15721 | Lair:1   | Noticed a five-headed hydra
 15726 | Lair:1   | Killed a five-headed hydra
 15727 | Lair:1   | Reached skill level 10 in Fighting
 16101 | Lair:2   | Noticed Urug
 16103 | Lair:2   | Noticed Gastronok
 16375 | Lair:1   | Identified the +8 flail "Orb Guardian's Peril" {flame,
                  | *Rage rC+ Dex+3 SInv} (You found it on level 1 of the Lair
                  | of Beasts)
 16597 | D:12     | Reached skill level 1 in Evocations
 16727 | D:12     | Reached XP level 13. HP: 82/82 MP: 13/13
 16978 | D:12     | Noticed Fannar
 17005 | D:12     | Killed Fannar
 17336 | D:12     | Noticed Jorgrun
 17358 | D:12     | Killed Jorgrun
 17359 | D:12     | Reached skill level 10 in Armour
 18011 | D:12     | Reached skill level 13 in Maces & Flails
 19069 | D:14     | Found a shimmering blue altar of Sif Muna.
 19119 | D:14     | Got a polished chain mail
 19183 | D:14     | Identified the +8 chain mail "Doceutao" {-Cast rF+ Will+}
                  | (You found it on level 14 of the Dungeon)
 19331 | D:14     | Found a frozen archway.
 19339 | D:14     | Received a gift from Trog
 19354 | IceCv    | Entered an ice cave
 19793 | IceCv    | Gained mutation: Your large and strong wings let you fly
                  | indefinitely. [Gargoyle growth]
 19793 | IceCv    | Reached XP level 14. HP: 90/90 MP: 14/14
 20765 | D:14     | Found a gate to the Vaults.
 20921 | D:15     | Entered Level 15 of the Dungeon
 20975 | D:15     | Noticed Kirke
 20988 | D:15     | Killed Kirke
 20989 | D:15     | Reached skill level 14 in Maces & Flails
 21010 | D:15     | Reached ****** piety under Trog
 21155 | D:15     | Noticed Azrael
 21165 | D:15     | Killed Azrael
 21603 | D:15     | Reached skill level 5 in Evocations
 21686 | D:15     | Received a gift from Trog
 21865 | D:15     | Found a staircase to the Depths.
 21865 | D:15     | Noticed a dire elephant
 21882 | D:15     | Killed a dire elephant
 22558 | Lair:2   | Killed Gastronok
 22559 | Lair:2   | Reached XP level 15. HP: 91/96 MP: 15/15
 22605 | Lair:2   | Killed Urug
 22813 | Lair:2   | Found a staircase to the Swamp.
 22821 | Lair:2   | Noticed Erica
 22834 | Lair:2   | Killed Erica
 23070 | Lair:2   | Reached skill level 15 in Maces & Flails
 23917 | Lair:3   | Found a runed translucent gate.
 23918 | Lair:3   | Found a runed translucent gate.
 23919 | Lair:3   | Found a runed translucent gate.
 23941 | Lair:3   | Noticed Illot's ghost (adept MfTm)
 24052 | Lair:3   | Found a hole to the Spider Nest.
 24384 | Lair:3   | Killed Illot's ghost
 26239 | Lair:5   | Got a warped bronze ring
 26283 | Lair:5   | Identified the ring of Conformity {rElec rPois Str-4 Int+4
                  | SInv} (You found it on level 5 of the Lair of Beasts)
 26404 | Lair:5   | Reached XP level 16. HP: 96/103 MP: 14/16
 26554 | Lair:5   | Received a gift from Trog
 26667 | Lair:5   | Found a staircase to the Slime Pits.
 26904 | Lair:6   | Entered Level 6 of the Lair of Beasts
 27575 | Lair:6   | Reached skill level 16 in Maces & Flails
 28130 | Lair:6   | Received a gift from Trog
 28816 | Orc:1    | Entered Level 1 of the Orcish Mines
 29078 | Orc:2    | Entered Level 2 of the Orcish Mines
 29078 | Orc:2    | Noticed Sonja
 29082 | Orc:2    | Paralysed by an orc sorcerer for 5 turns
 29085 | Orc:2    | Noticed Rupert
 29096 | Orc:2    | Killed Sonja
 29111 | Orc:1    | Killed Rupert
 29522 | Orc:2    | Found a staircase to the Elven Halls.
 29563 | Orc:2    | Received a gift from Trog
 29909 | Orc:2    | Noticed Saint Roka
 30463 | Orc:2    | Reached XP level 17. HP: 108/109 MP: 17/17
 30489 | Orc:2    | Found Hygiujow's Gadget Shoppe.
 30489 | Orc:2    | Found Xaimaew's Assorted Antiques.
 30490 | Orc:2    | Found Biaperi's Jewellery Boutique.
 30490 | Orc:2    | Found Woifekliti's Antique Weapon Shoppe.
 30510 | Orc:2    | Bought a tubular granite ring for 165 gold pieces
 30510 | Orc:2    | Bought a scroll of magic mapping for 115 gold pieces
 30546 | Orc:2    | Killed Saint Roka
 30831 | Orc:2    | Found a runed translucent gate.
 30831 | Orc:2    | Found a runed translucent gate.
 30831 | Orc:2    | Found a runed translucent gate.
 30833 | Orc:2    | Found an opulent altar of Gozag.
 30834 | Orc:2    | Noticed Borgoz's ghost (adept HaGl)
 30837 | Orc:2    | Found Qeediom's Assorted Antiques.
 30839 | Orc:2    | Found Rukh's Assorted Antiques.
 30891 | Orc:2    | Killed Borgoz's ghost
 31001 | Orc:2    | Bought a coral ring for 155 gold pieces
 31001 | Orc:2    | Bought a scroll of identify for 62 gold pieces
 31022 | Orc:2    | Bought a pair of runed boots for 172 gold pieces
 31022 | Orc:2    | Bought a potion of berserk rage for 115 gold pieces
 31022 | Orc:2    | Bought a scroll of identify for 46 gold pieces
 31022 | Orc:2    | Bought a pair of runed boots for 172 gold pieces
 31022 | Orc:2    | Bought a faintly humming tower shield for 218 gold pieces
 31264 | Orc:2    | Identified the +2 tower shield of Vikhloklo {+Inv rF+
                  | Str+2} (You bought it in a shop on level 2 of the Orcish
                  | Mines)
 31565 | Swamp:1  | Entered Level 1 of the Swamp
 31580 | Swamp:1  | Reached skill level 17 in Maces & Flails
 31602 | Swamp:1  | HP: 1/110 [alligator[a spriggan druid] (8)]
 31602 | Swamp:1  | Mangled by an alligator

Illustrated notes

Levels and vault maps discovered:
D:1:      dpeg_arrival_tiny_j, layout_basic
D:2:      layout_basic, gammafunk_temple_overflow_arena,
          chequers_ecumenical_altar_island, minivault_14, uniq_sigmund
D:3:      layout_basic, good_gods_mini_temple, minitemple
D:4:      minmay_bubble_buster, layout_cave_pools, okawaru_metal_pillars_1_2,
          corexii_hall_statues_x, uniq_edmund
D:5:      layout_rooms, lemuel_crystal_altar, uniq_menkaure
D:6:      layout_basic, tgw_trog, minmay_temple_entry_ruins,
          gup_sewer_entry_bubbles, grunt_tough_drop
D:7:      layout_layer_cave, xom_redecorated, kennysheep_little_box,
          grunt_decor_mini_mirrors, guppyfry_shop_venom
D:8:      layout_loops_ring, uniq_maurice
D:9:      cheibrodos_shockbox, layout_loops_ring, marbit_many_paths,
          eat_drink_and_be_merry_uskayaw, dpeg_oklobed_lair
D:10:     layout_irregular_city, david_orc_5, serial_column_ruins,
          column_ruins_grid_1, column_ruins_grid_1, column_ruins_columns_corner,
          column_ruins_open_tiny, column_ruins_columns_corner,
          column_ruins_open_medium, fedhas_altar_4, uniq_josephine, uniq_psyche,
          uniq_joseph
D:11:     layout_stronghold
D:12:     layout_roguey, uniq_fannar, uniq_jorgrun
D:13:     layout_stronghold
D:14:     layout_roguey, grunt_vaults_entry_fortified,
          portal_ice_cave_demonic_guard, amethyst_killhole, basic_altar
D:15:     hangedman_depths_entry_try_elsewhere_first, layout_loops_ring,
          roderic_roman_lattice, uniq_azrael, uniq_kirke
Temple:   corrupted_temple
Lair:1:   layout_regular_city, uniq_nergalle
Lair:2:   layout_roguey, minmay_swamp_entry_reptiles,
          hangedman_lair_generics_rect, uniq_urug, uniq_gastronok, uniq_erica
Lair:3:   layout_cave_shapes, nicolae_spider_entry_tight_spaces,
          gammafunk_ghost_hydra_chop, kennysheep_basilisk_garden
Lair:4:   layout_long_grid, special_room [special_room_bee], patterned_corridor,
          serial_bayou_shore_b
Lair:5:   layout_hall_layers, minmay_slime_entry_pillars, grunt_megastairs_5,
          minmay_lair_oklob_chamber, infiniplex_staircase_pool
Lair:6:   hangedman_lair_in_review, layout_concentric_octagons,
          guppyfry_lair_end_dragon, grunt_megastairs_3
Swamp:1:  layout_basic_swamp, nicolae_swamp_fairy_circle
Orc:1:    layout_diamond_mine, mines2_lemuel
Orc:2:    st_orc_ogre_mass, layout_caves, ebering_ghost_gozag, uniq_saint_roka,
          uniq_sonja, uniq_rupert

Skill      XL: |  1  2  3  4  5  6  7  8  9 10 11 12 13 14 15 16 17 |
---------------+----------------------------------------------------+-----
Dodging        | 2 3 4 5 6 8 9 10 11 12 13 14 | 14.5
Fighting       | 4 5 6 8 9 10 11 12 13 | 13.7
Maces & Flails | 4 5 7 8 10 11 12 13 14 15 16 17 | 17.0
Armour         | 3 4 5 6 7 8 9 10 11 12 13 | 13.5
Evocations     | 1 3 5 |  5.0

Action                   |  1- 3 |  4- 6 |  7- 9 | 10-12 | 13-15 | 16-18 || total
-------------------------+-------+-------+-------+-------+-------+-------++-------
Melee: Mace              |   147 |   183 |   271 |       |       |       ||   601
       Flail             |       |       |   351 |    74 |   114 |       ||   539
       Dire flail        |       |       |       |   340 |       |       ||   340
       Great mace        |       |       |       |    89 |       |       ||    89
       Morningstar       |       |       |       |   156 |   835 |   595 ||  1586
Throw: Throwing net      |       |     1 |     1 |     3 |       |       ||     5
Invok: Berserk           |       |       |     1 |     1 |     9 |     3 ||    14
 Abil: Fly               |       |       |       |       |     1 |       ||     1
Evoke: Wand              |       |       |       |       |     7 |       ||     7
  Use: Scroll            |     3 |     7 |     7 |     9 |    10 |     5 ||    41
       Potion            |       |       |       |     2 |     1 |     1 ||     4
 Stab: Sleeping          |     1 |       |       |     6 |       |       ||     7
       Held in net/web   |       |       |       |     1 |       |       ||     1
Armor: Animal skin       |    73 |    16 |       |       |       |       ||    89
       Scale mail        |       |    67 |   334 |    19 |       |       ||   420
       Steam dragon scal |       |       |       |   237 |    44 |       ||   281
       Ring mail         |       |       |       |       |    59 |       ||    59
       Chain mail        |       |       |       |       |   471 |   427 ||   898
Dodge: Dodged            |   125 |   140 |   375 |   547 |   770 |   623 ||  2580
Block: Other             |       |       |   166 |   154 |    57 |       ||   377
       Reflection        |       |       |     4 |     4 |     5 |       ||    13

Table legend: (Time is in decaauts)
 A = Elapsed time spent in this place.
 B = Non-inter-level travel time spent in this place.
 C = Inter-level travel time spent in this place.
 D = Time resting spent in this place.
 E = Time spent auto-exploring this place.
 F = Levels seen in this place.
 G = Mean time per level.
                   A        B        C        D        E       F      G
               +--------+--------+--------+--------+--------+-----+--------+
         Total |  31487 |  29848 |   1639 |   6579 |  17333 |  27 | 1166.2 |
       Dungeon |  19587 |  18559 |   1028 |   3832 |  11031 |  15 | 1305.8 |
        Temple |    152 |    141 |     11 |      0 |    138 |   1 |  152.0 |
          Lair |   7843 |   7374 |    469 |   1462 |   4716 |   6 | 1307.2 |
         Swamp |     30 |     30 |      0 |      0 |      0 |   1 |   30.0 |
  Orcish Mines |   2571 |   2441 |    130 |    925 |    883 |   2 | 1285.5 |
         Sewer |    425 |    425 |      0 |      0 |    226 |   1 |  425.0 |
      Ice Cave |    875 |    875 |      0 |    359 |    338 |   1 |  875.0 |
               +--------+--------+--------+--------+--------+-----+--------+

Top non-repeatable levels by time:
    D:10: 2226 daAuts
   Orc:2: 1920 daAuts
  Lair:5: 1817 daAuts
  Lair:1: 1697 daAuts
    D:12: 1670 daAuts
     D:8: 1581 daAuts
     D:1: 1481 daAuts
    D:15: 1441 daAuts
  Lair:6: 1357 daAuts
     D:9: 1287 daAuts
    D:11: 1280 daAuts
     D:4: 1270 daAuts
     D:3: 1256 daAuts
     D:7: 1183 daAuts
    D:14: 1153 daAuts
